cohdb
Replays
Latest Replays
All Replays
Popular Replays
Top Player Replays
Match Explorer
How It Works
Community
CoH3 Stats
Reddit
Sign in to upload your games and track your stats! →
Sign in with Steam
Match 39119628
Unlisted
Match 39119628
Overview
Messages
Build Orders
End
Vickers Machine Gun Team
Construct Section Command Post
Infantry Section
Selects Air and Sea Battlegroup
Infantry Section
Infantry Section
Grenade Package
Construct Field Infirmary
Selects Commando Section Paradrop
Commando Section Paradrop
Construct Platoon Command Post
Selects Supply Surplus
6-pounder Anti-tank Gun Team
Team Weapon Training
Selects Commando Support Section Paradrop
Commando Support Section Paradrop
Construct Company Command Post
Selects Anti-tank Rocket Loiter
Matilda II Heavy Tank
Anti-tank Rocket Loiter
Matilda II Heavy Tank
Rei
⚓️Ruby⚓
qazxsw
HackerBlack_Sunday
DebaKLe
Valieriumborn
A Sassy Badger
Computer - Hard
0
0
Comments
sign in to comment!
No comments posted yet!